| TOP OF THE 1ST |
|
Houston Astros batting - Pitching for Los Angeles Dodgers : RHP Gyu-hyun Kim
|
|
Pitching: RHP Gyu-hyun Kim
|
|
|
Batting: RHB Matt Thompson
|
0-0: Ball 1-0: Ball 2-0: Ball 3-0: Called Strike 3-1: Foul Ball, location: 2F 3-2: Foul Ball, location: 2F 3-2: Foul Ball, location: 2F 3-2: DOUBLE (Groundball, 5L, EV 100.6 MPH)
|
|
Batting: LHB Bryce Hill
|
0-0: Called Strike 0-1: Foul Ball, location: 2F 0-2: Ball 1-2: Ball 2-2: Ball 3-2: Strikes out swinging
|
|
Batting: SHB Joe Gardner
|
0-0: Ball 1-0: Ball 2-0: Ball 3-0: Base on Balls
|
|
Batting: LHB Shigeru Ono
|
0-0: Grounds into double play, 5-4-3 (Groundball, 5, EV 76.9 MPH)
|
| Top of the 1st over - 0 runs, 1 hit, 0 errors, 1 left on base; Houston 0 - Los Angeles 0 |
| BOTTOM OF THE 1ST |
|
Los Angeles Dodgers batting - Pitching for Houston Astros : LHP Mat Pear
|
|
Pitching: LHP Mat Pear
|
|
|
Batting: RHB Clay Buchanan
|
0-0: Ground out 5-3 (Groundball, 5S, EV 69.4 MPH)
|
|
Batting: RHB Tsutomu Irie
|
0-0: Ball 1-0: Called Strike 1-1: Called Strike 1-2: Ball 2-2: Strikes out swinging
|
|
Batting: LHB Lirak Bazhunaishvili
|
0-0: Ball 1-0: Called Strike 1-1: Swinging Strike 1-2: Strikes out swinging
|
| Bottom of the 1st over - 0 runs, 0 hits, 0 errors, 0 left on base; Houston 0 - Los Angeles 0 |
| TOP OF THE 2ND |
|
Houston Astros batting - Pitching for Los Angeles Dodgers : RHP Gyu-hyun Kim
|
|
Batting: RHB Josh Froyd
|
0-0: Called Strike 0-1: Ball 1-1: Foul Ball, location: 2F 1-2: Ball 2-2: Ball 3-2: Foul Ball, location: 2F 3-2: Foul Ball, location: 2F 3-2: Fly out, F7 (Flyball, 78D, EV 108.8 MPH)
|
|
Batting: RHB Jeremy Trump
|
0-0: Foul Ball, location: 2F 0-1: Foul Ball, location: 2F 0-2: Strikes out swinging
|
|
Batting: LHB Angelo Vasquez
|
0-0: Ball 1-0: Called Strike 1-1: Ball 2-1: Foul Ball, location: 2F 2-2: Foul Ball, location: 2F 2-2: Strikes out swinging
|
| Top of the 2nd over - 0 runs, 0 hits, 0 errors, 0 left on base; Houston 0 - Los Angeles 0 |
| BOTTOM OF THE 2ND |
|
Los Angeles Dodgers batting - Pitching for Houston Astros : LHP Mat Pear
|
|
Batting: SHB Joel Baker
|
0-0: Called Strike 0-1: Foul Ball, location: 2F 0-2: Ball 1-2: SINGLE (Line Drive, 9S, EV 85.6 MPH)
|
|
Batting: RHB Danny Dyer
|
0-0: Fly out, F3 (Popup, 3SF, EV 84.4 MPH)
|
|
Batting: LHB Chris Ringwood
|
0-0: Ball 1-0: Foul Ball, location: 2F 1-1: Called Strike 1-2: Foul Ball, location: 2F 1-2: Strikes out swinging
|
|
Batting: RHB Ben Mischnick
|
0-0: Foul Ball, location: 2F 0-1: Called Strike Joel Baker is caught stealing 2nd base 2-4
|
| Bottom of the 2nd over - 0 runs, 1 hit, 0 errors, 0 left on base; Houston 0 - Los Angeles 0 |
| TOP OF THE 3RD |
|
Houston Astros batting - Pitching for Los Angeles Dodgers : RHP Gyu-hyun Kim
|
|
Batting: LHB Jim Keefe
|
0-0: Ball 1-0: Called Strike 1-1: Foul Ball, location: 2F 1-2: Foul Ball, location: 2F 1-2: Strikes out swinging
|
|
Batting: RHB Antonio Aranda
|
0-0: Ball 1-0: Ball 2-0: Foul Ball, location: 2F 2-1: Bunt for hit to 5S - play at first, batter OUT! 5-3
|
|
Batting: RHB Matt Thompson
|
0-0: Foul Ball, location: 2F 0-1: Foul Ball, location: 2F 0-2: TRIPLE (Flyball, 8LXD, EV 91.9 MPH)
|
|
Batting: LHB Bryce Hill
|
0-0: Ball 1-0: Foul Ball, location: 2F 1-1: DOUBLE (Line Drive, 89D, EV 103.1 MPH) Matt Thompson scores
|
|
Batting: SHB Joe Gardner
|
0-0: Ball 1-0: Foul Ball, location: 2F 1-1: Ball 2-1: SINGLE (Groundball, 25, EV 76.2 MPH) (infield hit) Bryce Hill to third
|
|
Batting: LHB Shigeru Ono
|
0-0: Swinging Strike 0-1: Fly out, F8 (Flyball, 8RM, EV 78.8 MPH)
|
| Top of the 3rd over - 1 run, 3 hits, 0 errors, 2 left on base; Houston 1 - Los Angeles 0 |
| BOTTOM OF THE 3RD |
|
Los Angeles Dodgers batting - Pitching for Houston Astros : LHP Mat Pear
|
|
Batting: RHB Ben Mischnick
|
0-0: Fly out, F9 (Line Drive, 9, EV 108.1 MPH)
|
|
Batting: RHB Nate Taylor
|
0-0: Ball 1-0: Ground out 6-3 (Groundball, 6, EV 106.2 MPH)
|
|
Batting: RHB Wing-kit Bu
|
0-0: Ball 1-0: Swinging Strike 1-1: Fly out, F7 (Flyball, 78M, EV 80.6 MPH)
|
| Bottom of the 3rd over - 0 runs, 0 hits, 0 errors, 0 left on base; Houston 1 - Los Angeles 0 |
| TOP OF THE 4TH |
|
Houston Astros batting - Pitching for Los Angeles Dodgers : RHP Gyu-hyun Kim
|
|
Batting: RHB Josh Froyd
|
0-0: Foul Ball, location: 2F 0-1: Foul Ball, location: 2F 0-2: Fly out, F8 (Flyball, 8RM, EV 95.6 MPH)
|
|
Batting: RHB Jeremy Trump
|
0-0: Called Strike 0-1: Ball 1-1: Called Strike 1-2: Strikes out swinging
|
|
Batting: LHB Angelo Vasquez
|
0-0: Ball 1-0: SOLO HOME RUN (Flyball, 89XD, EV 101.9 MPH), Distance : 404 ft
|
|
Batting: LHB Jim Keefe
|
0-0: Ball 1-0: Called Strike 1-1: Ball 2-1: Foul Ball, location: 2F 2-2: Ball 3-2: Strikes out swinging
|
| Top of the 4th over - 1 run, 1 hit, 0 errors, 0 left on base; Houston 2 - Los Angeles 0 |
| BOTTOM OF THE 4TH |
|
Los Angeles Dodgers batting - Pitching for Houston Astros : LHP Mat Pear
|
|
Batting: RHB Clay Buchanan
|
0-0: Fly out, F8 (Flyball, 8RXD, EV 108.1 MPH)
|
|
Batting: RHB Tsutomu Irie
|
0-0: Ball 1-0: Fly out, F8 (Flyball, 8RM, EV 88.1 MPH)
|
|
Batting: LHB Lirak Bazhunaishvili
|
0-0: Ball 1-0: Ball 2-0: Ball 3-0: Called Strike 3-1: Base on Balls
|
|
Batting: SHB Joel Baker
|
0-0: Ball 1-0: Ball 2-0: Swinging Strike 2-1: Foul Ball, location: 2F 2-2: Foul Ball, location: 2F 2-2: Strikes out looking
|
| Bottom of the 4th over - 0 runs, 0 hits, 0 errors, 1 left on base; Houston 2 - Los Angeles 0 |
| TOP OF THE 5TH |
|
Houston Astros batting - Pitching for Los Angeles Dodgers : RHP Gyu-hyun Kim
|
|
Batting: RHB Antonio Aranda
|
0-0: Ball 1-0: Ball 2-0: Swinging Strike 2-1: Fly out, F8 (Flyball, 8RD, EV 90.0 MPH)
|
|
Batting: RHB Matt Thompson
|
0-0: Ball 1-0: Ball 2-0: Swinging Strike 2-1: Ball 3-1: Called Strike 3-2: Fly out, F7 (Flyball, 7S, EV 90.0 MPH)
|
|
Batting: LHB Bryce Hill
|
0-0: Called Strike 0-1: Ball 1-1: Ball 2-1: Ball 3-1: Swinging Strike 3-2: Strikes out swinging
|
| Top of the 5th over - 0 runs, 0 hits, 0 errors, 0 left on base; Houston 2 - Los Angeles 0 |
| BOTTOM OF THE 5TH |
|
Los Angeles Dodgers batting - Pitching for Houston Astros : LHP Mat Pear
|
|
Batting: RHB Danny Dyer
|
0-0: Called Strike 0-1: Ball 1-1: Ball 2-1: Fly out, F7 (Line Drive, 7LS, EV 93.1 MPH)
|
|
Batting: LHB Chris Ringwood
|
0-0: Ball 1-0: Ball 2-0: Ball 3-0: Called Strike 3-1: SINGLE (Flyball, 89S, EV 98.8 MPH)
|
|
Batting: RHB Ben Mischnick
|
0-0: Foul Ball, location: 2F 0-1: Ball 1-1: Called Strike Chris Ringwood steals 2nd base 1-2: Foul Ball, location: 2F 1-2: Ground out 5-3 (Groundball, 5, EV 81.9 MPH)
|
|
Batting: RHB Nate Taylor
|
0-0: Swinging Strike 0-1: Foul Ball, location: 2F 0-2: Ball 1-2: Fly out, F7 (Flyball, 7D, EV 95.0 MPH)
|
| Bottom of the 5th over - 0 runs, 1 hit, 0 errors, 1 left on base; Houston 2 - Los Angeles 0 |
| TOP OF THE 6TH |
|
Houston Astros batting - Pitching for Los Angeles Dodgers : RHP Gyu-hyun Kim
|
|
Batting: SHB Joe Gardner
|
0-0: Called Strike 0-1: Called Strike 0-2: Strikes out looking
|
|
Batting: LHB Shigeru Ono
|
0-0: Fly out, F4 (Line Drive, 4, EV 70.6 MPH)
|
|
Batting: RHB Josh Froyd
|
0-0: Called Strike 0-1: Foul Ball, location: 2F 0-2: Ball 1-2: Strikes out looking
|
| Top of the 6th over - 0 runs, 0 hits, 0 errors, 0 left on base; Houston 2 - Los Angeles 0 |
| BOTTOM OF THE 6TH |
|
Los Angeles Dodgers batting - Pitching for Houston Astros : LHP Mat Pear
|
|
Batting: RHB Wing-kit Bu
|
0-0: Foul Ball, location: 2F 0-1: Ball 1-1: Swinging Strike 1-2: Strikes out swinging
|
|
Batting: RHB Clay Buchanan
|
0-0: Ground out 5-3 (Groundball, 5L, EV 105.0 MPH)
|
|
Batting: RHB Tsutomu Irie
|
0-0: Swinging Strike 0-1: Called Strike 0-2: Strikes out swinging
|
| Bottom of the 6th over - 0 runs, 0 hits, 0 errors, 0 left on base; Houston 2 - Los Angeles 0 |
| TOP OF THE 7TH |
|
Houston Astros batting - Pitching for Los Angeles Dodgers : RHP Gyu-hyun Kim
|
|
Batting: RHB Jeremy Trump
|
0-0: Ball 1-0: Swinging Strike 1-1: Foul Ball, location: 2F 1-2: Ground out 6-3 (Groundball, 56, EV 81.9 MPH)
|
|
Batting: LHB Angelo Vasquez
|
0-0: Called Strike 0-1: Swinging Strike 0-2: Ball 1-2: Ball 2-2: Ball 3-2: Strikes out swinging
|
|
Batting: LHB Jim Keefe
|
0-0: Foul Ball, location: 2F 0-1: SINGLE (Groundball, 4D, EV 101.9 MPH)
|
|
Pitching: RHP Chut-sai Teoh
|
|
|
Batting: RHB Antonio Aranda
|
0-0: Ball 1-0: Ball 2-0: SINGLE (Groundball, 6MD, EV 108.1 MPH) Jim Keefe to second
|
|
Batting: RHB Matt Thompson
|
0-0: Foul Ball, location: 2F 0-1: Ball 1-1: Ball 2-1: Ground out U3 (Groundball, 34, EV 78.8 MPH)
|
| Top of the 7th over - 0 runs, 2 hits, 0 errors, 2 left on base; Houston 2 - Los Angeles 0 |
| BOTTOM OF THE 7TH |
|
Los Angeles Dodgers batting - Pitching for Houston Astros : LHP Mat Pear
|
|
Batting: LHB Lirak Bazhunaishvili
|
0-0: Called Strike 0-1: Ball 1-1: Foul Ball, location: 2F 1-2: Ball 2-2: Foul Ball, location: 2F 2-2: SOLO HOME RUN (Flyball, 78XD, EV 106.2 MPH), Distance : 413 ft
|
|
Batting: SHB Joel Baker
|
0-0: Called Strike 0-1: Foul Ball, location: 2F 0-2: Ball 1-2: Foul Ball, location: 2F 1-2: Ball 2-2: Ground out 6-3 (Groundball, 6, EV 105.0 MPH)
|
|
Batting: RHB Danny Dyer
|
0-0: Ball 1-0: Called Strike 1-1: DOUBLE (Flyball, 89D, EV 103.1 MPH)
|
|
Batting: LHB Chris Ringwood
|
0-0: Called Strike 0-1: Called Strike 0-2: Strikes out looking
|
|
Batting: RHB Ben Mischnick
|
0-0: Fly out, F8 (Flyball, 8LD, EV 105.0 MPH)
|
| Bottom of the 7th over - 1 run, 2 hits, 0 errors, 1 left on base; Houston 2 - Los Angeles 1 |
| TOP OF THE 8TH |
|
Houston Astros batting - Pitching for Los Angeles Dodgers : RHP Chut-sai Teoh
|
|
Batting: LHB Bryce Hill
|
0-0: Ball 1-0: Called Strike 1-1: Ball 2-1: DOUBLE (Groundball, 3L, EV 98.1 MPH)
|
|
Batting: SHB Joe Gardner
|
0-0: Intentional Walk
|
|
Batting: LHB Shigeru Ono
|
0-0: Fielders Choice at 2nd, 3-6 (Groundball, 34, EV 86.2 MPH) Bryce Hill to third
|
|
Batting: RHB Josh Froyd
|
0-0: Foul Ball, location: 2F 0-1: Ball 1-1: Called Strike 1-2: Ball 2-2: Strikes out swinging
|
|
Batting: RHB Jeremy Trump
|
0-0: Swinging Strike 0-1: Ground out 4-3 (Groundball, 4, EV 92.5 MPH)
|
| Top of the 8th over - 0 runs, 1 hit, 0 errors, 2 left on base; Houston 2 - Los Angeles 1 |
| BOTTOM OF THE 8TH |
|
Los Angeles Dodgers batting - Pitching for Houston Astros : LHP Mat Pear
|
|
Batting: RHB Nate Taylor
|
0-0: Ball 1-0: Ball 2-0: Ball 3-0: Base on Balls
|
|
Batting: RHB Wing-kit Bu
|
0-0: 2-RUN HOME RUN (Line Drive, 7LD, EV 93.8 MPH), Distance : 353 ft
|
|
Batting: RHB Clay Buchanan
|
0-0: Ball 1-0: Called Strike 1-1: Ball 2-1: Ball 3-1: Ground out 3-1 (Groundball, 34S, EV 87.5 MPH)
|
|
Batting: RHB Tsutomu Irie
|
0-0: Called Strike 0-1: Called Strike 0-2: Fly out, F9 (Flyball, 9LD, EV 100.0 MPH)
|
|
Batting: LHB Lirak Bazhunaishvili
|
0-0: Foul Ball, location: 2F 0-1: Ball 1-1: Foul Ball, location: 2F 1-2: Foul Ball, location: 2F 1-2: Foul Ball, location: 2F 1-2: Strikes out looking
|
| Bottom of the 8th over - 2 runs, 1 hit, 0 errors, 0 left on base; Houston 2 - Los Angeles 3 |
| TOP OF THE 9TH |
|
Houston Astros batting - Pitching for Los Angeles Dodgers : RHP Chut-sai Teoh
|
|
Pitching: RHP Jon Harris
|
|
|
Now in LF: Wing-kit Bu
|
|
|
Now in CF: Carlos Rodriguez
|
|
|
Batting: LHB Angelo Vasquez
|
0-0: Fly out, F8 (Flyball, 8LD, EV 105.6 MPH)
|
|
Batting: LHB Jim Keefe
|
0-0: Foul Ball, location: 2F 0-1: Reached on error, E4 (Groundball, 34, EV 80.0 MPH)
|
|
Batting: RHB Antonio Aranda
|
0-0: Foul Ball, location: 2F 0-1: Ground out 6-3 (Groundball, 6M, EV 95.6 MPH) Jim Keefe to third
|
|
Batting: RHB Matt Thompson
|
0-0: Foul Ball, location: 2F 0-1: Ball 1-1: Called Strike 1-2: Ball 2-2: Strikes out swinging
|
| Top of the 9th over - 0 runs, 0 hits, 1 error, 1 left on base; Houston 2 - Los Angeles 3 |
|